 Dungeon Crawl Stone Soup version 0.30-a0-939-gc8157cb160 (webtiles) character file.

Game seed: 616426961255159485

14821 gruber the Geomancer (level 12, -6/66 HPs)
             Began as a Gargoyle Earth Elementalist on Mar 25, 2023.
             Was a Priest of Vehumet.
             Mangled by a yak (10 damage)
             ... on level 1 of the Lair of Beasts.
             The game lasted 00:20:21 (12562 turns).

gruber the Geomancer (Gargoyle Earth Elementalist) Turns: 12562, Time: 00:20:22

Health: -6/66      AC: 15    Str: 11    XL:     12   Next: 20%
Magic:  11/21      EV: 14    Int: 22    God:    Vehumet [***...]
Gold:   987        SH:  5    Dex: 13    Spells: 19/23 levels left

rFire   + . .      SeeInvis .    u - +9 trident "Xeplijut" {elec, Dex+3}
rCold   + . .      Faith    .    (no shield)
rNeg    + . .      Spirit   .    z - +0 leather armour
rPois   ∞          Reflect  +    G - +0 helmet
rElec   +          Rampage  .    (no cloak)
rCorr   .                        k - +0 pair of gloves
Will    .....                    (no boots)
Stlth   ++                       r - amulet of reflection
HPRegen 0.31/turn                o - ring of protection from fire
MPRegen 0.17/turn                C - ring of protection from cold

@: no status effects
A: sickness immunity, AC +8, negative energy resistance 1, electricity
resistance, torment resistance 1, petrification resistance
a: Renounce Religion


You were on level 1 of the Lair of Beasts.
You worshipped Vehumet.
Vehumet was most pleased with you.
You visited 3 branches of the dungeon, and saw 14 of its levels.

You collected 987 gold pieces.

Inventory:

Hand Weapons
 c - a +1 whip of venom
 u - the +9 trident "Xeplijut" (weapon) {elec, Dex+3}
   (You took it off a centaur on level 4 of the Dungeon)

   Dex:       It affects your dexterity (+3).
Armour
 k - a +0 pair of gloves (worn)
 z - a +0 leather armour (worn)
 G - a +0 helmet (worn)
Jewellery
 o - a ring of protection from fire (left hand)
 r - an amulet of reflection (around neck)
 C - a ring of protection from cold (right hand)
 D - a ring of protection from fire
Wands
 y - a wand of roots (12)
Scrolls
 a - 3 scrolls of vulnerability {unknown}
 d - 4 scrolls of enchant armour {unknown}
 e - 2 scrolls of torment {unknown}
 g - 20 scrolls of identify {unknown}
 h - 3 scrolls of noise {unknown}
 i - a scroll of poison {unknown}
 j - a scroll of acquirement {unknown}
 n - a scroll of enchant weapon {unknown}
 s - 3 scrolls of immolation {unknown}
 t - 3 scrolls of magic mapping {unknown}
 v - 4 scrolls of teleportation {unknown}
 E - a scroll of butterflies {unknown}
 J - a scroll of brand weapon {unknown}
 K - a scroll of fear {unknown}
Potions
 b - 2 potions of magic
 f - 10 potions of curing {unknown}
 l - 2 potions of might {unknown}
 m - 3 potions of lignification {unknown}
 p - a potion of invisibility {unknown}
 q - 2 potions of cancellation {unknown}
 w - 5 potions of brilliance {unknown}
 x - 3 potions of haste
 A - 3 potions of flight {unknown}
 F - a potion of ambrosia {unknown}
 H - 2 potions of mutation {unknown}
 I - a potion of resistance {unknown}
 L - a potion of degeneration {unknown}


   Skills:
 - Level 4.1 Fighting
 - Level 2.1 Maces & Flails
 - Level 8.2 Polearms
 - Level 6.1 Armour
 - Level 6.1 Dodging
 - Level 2.1 Stealth
 - Level 6.1 Spellcasting
 * Level 5.3 Conjurations
 - Level 0.7 Transmutations
 - Level 14.0 Earth Magic


You had 19 spell levels left.
You knew the following spells:

 Your Spells              Type           Power      Damage    Failure   Level
a - Sandblast             Erth           100%       2d20      1%          1
b - Stone Arrow           Conj/Erth      98%        3d13      1%          3

Your spell library contained the following spells:

 Spells                   Type           Power      Damage    Failure   Level
 Dazzling Flash           Conj/Hex       36%        N/A       3%          3
 Magic Dart               Conj           100%       1d8       1%          1
 Passwall                 Tmut/Erth      32%        N/A       1%          2
 Petrify                  Tmut/Erth      39%        N/A       5%          4
 Apportation              Tloc           12%        N/A       12%         1
 Necrotise                Necr           24%        1d5       12%         1
 Summon Small Mammal      Summ           24%        N/A       12%         1
 Tukima's Dance           Hex            6%         N/A       34%         3
 Yara's Violent Unravell  Hex/Tmut       4%         3d4       54%         5
 Passage of Golubria      Tloc           6%         N/A       75%         4


Dungeon Overview and Level Annotations

Branches:
Dungeon (12/15)            Temple (1/1) D:5            Lair (1/5) D:9
    Orc (0/2) D:10

Altars:
Ashenzari
Cheibriados
Dithmenos
Elyvilon
Fedhas
Gozag
Hepliaklqana
Kikubaaqudgha
Makhleb
Nemelex Xobeh
Okawaru
Qazlal
Ru
Sif Muna
Trog
Uskayaw
Vehumet
Wu Jian
Xom
Yredelemnul
Zin
The Shining One

Annotations:
D:11 3 runed translucent doors, bmj180's ghost, journeyman GrEE


Innate Abilities, Weirdness & Mutations

You are immune to sickness and miasma.
Your stone body is resilient. (AC +8)
You are immune to poison.
You resist negative energy. (rN+)
You are resistant to electric shocks. (rElec)
You are resistant to unholy torment.
You are immune to petrification.


Message History

You are too injured to fight recklessly!
Casting: Sandblast (safe; 1% risk of failure)
Confirm with . or Enter, or press ? or * to list all spells.
Aiming: Sandblast (safe; 1% risk of failure)
Press: ? - help, Shift-Dir - straight line, f/p - yak
Aim: a yak (almost dead, 91% to hit)
The blast of sand hits the yak!!
You kill the yak!
Vehumet accepts your kill.
Vehumet is now aiding your destructive spells.
You feel your power returning. The yak gores you!
* * * LOW HITPOINT WARNING * * *
The yak gores you but does no damage.
Unknown command.
Unknown command.
Unknown command.
Casting: Sandblast (safe; 1% risk of failure)
Confirm with . or Enter, or press ? or * to list all spells.
Aiming: Sandblast (safe; 1% risk of failure)
Press: ? - help, Shift-Dir - straight line, f - yak
Aim: a yak (91% to hit)
The blast of sand hits the yak!!
The yak is heavily wounded.
The yak barely misses you. x2; You block the yak's attack.
The yak closely misses you. The yak gores you!
* * * LOW HITPOINT WARNING * * *
The yak gores you.
* * * LOW HITPOINT WARNING * * *
Unknown command.
Unknown command.
Unknown command.
Casting: Sandblast (safe; 1% risk of failure)
Confirm with . or Enter, or press ? or * to list all spells.
Aiming: Sandblast (safe; 1% risk of failure)
Press: ? - help, Shift-Dir - straight line, f/p - yak
Aim: a yak (heavily wounded, 91% to hit)
The blast of sand hits the yak!!
The yak is heavily wounded.
You block the yak's attack. The yak gores you!
You die...

..Y..Y. ...YY.>
....... .......
....... .......###
###
.......#.###@####..
........<.†YY.......
...........Y........
....................
....................
....................
....................
.......###P.##.####.
....... #### ##


You could see 3 yaks.

Vanquished Creatures
  A boulder beetle (D:11)
  2 two-headed ogres
  Lodul (D:11)
  Pikel (D:7)
  A manticore (D:11)
  An ugly thing (D:9)
  A gargoyle (D:8)
  2 kobold demonologists (D:11)
  Grinder (D:5)
  A shadow (D:10)
  Sigmund (D:4)
  A wraith (D:12)
  A wyvern (D:9)
  2 humans (D:7)
  19 yaks
  Eustachio (D:5)
  4 steam dragons
  4 vampire mosquitoes (D:10)
  3 wargs (D:10)
  2 water moccasins
  Edmund (D:5)
  3 orc warriors
  A black bear (D:4)
  9 ogres
  10 centaurs
  A phantom (D:4)
  4 kobold brigands
  A bullfrog (D:6)
  A necrophage (D:6)
  6 scorpions
  A wyvern zombie (D:6)
  11 wights
  6 killer bees (D:6)
  3 howler monkeys (D:7)
  A centaur zombie (D:6)
  2 bullfrog zombies (D:6)
  A human zombie (D:6)
  A gnoll bouda (D:5)
  4 hounds
  5 orc priests
  A sleepcap (D:5)
  10 orc wizards
  3 iguanas
  Natasha (thrice) (D:3)
  A killer bee zombie (D:6)
  2 mummies (D:6)
  A howler monkey zombie (D:6)
  3 gnolls (D:5)
  9 adders
  A shadow imp (D:7)
  3 white imps
  3 ufetubi
  2 worms
  A dart slug (D:1)
  24 orcs
  12 ball pythons
  5 endoplasms
  9 giant cockroaches
  12 hobgoblins
  7 jackals
  2 quokkas
  8 bats
  A frilled lizard (D:2)
  4 goblins
  17 kobolds
  5 rats
271 creatures vanquished.

Vanquished Creatures (others)
  5 plants
5 creatures vanquished.

Grand Total: 276 creatures vanquished

Notes
Turn   | Place    | Note
-------+----------+-------------------------------------------
     0 | D:1      | gruber the Gargoyle Earth Elementalist began the quest for
                  | the Orb.
     0 | D:1      | Reached XP level 1. HP: 10/10 MP: 3/3
   163 | D:1      | Reached XP level 2. HP: 15/15 MP: 5/5
   214 | D:1      | Reached skill level 1 in Maces & Flails
   485 | D:1      | Reached XP level 3. HP: 19/19 MP: 6/6
   510 | D:1      | Reached skill level 4 in Earth Magic
   734 | D:1      | Found a faded altar of an unknown god.
  1300 | D:2      | Learned a level 3 spell: Stone Arrow
  1842 | D:2      | Reached XP level 4. HP: 24/24 MP: 5/7
  2458 | D:3      | Reached skill level 1 in Conjurations
  2463 | D:3      | Reached XP level 5. HP: 23/28 MP: 0/9
  2668 | D:3      | Noticed Natasha
  2673 | D:3      | Killed Natasha
  2674 | D:3      | Reached skill level 5 in Earth Magic
  2835 | D:3      | Noticed Natasha
  2932 | D:3      | Killed Natasha
  3061 | D:3      | Noticed Natasha
  3067 | D:3      | Killed Natasha
  3157 | D:4      | Reached XP level 6. HP: 32/32 MP: 8/11
  3162 | D:4      | Noticed Sigmund
  3267 | D:4      | Killed Sigmund
  3268 | D:4      | Reached skill level 6 in Earth Magic
  3268 | D:4      | Reached XP level 7. HP: 28/36 MP: 5/13
  3427 | D:4      | Identified the +9 trident "Xeplijut" {elec, Dex+3}
  3666 | D:4      | Reached skill level 1 in Polearms
  4168 | D:4      | Reached XP level 8. HP: 34/41 MP: 14/14
  4256 | D:5      | Entered Level 5 of the Dungeon
  4328 | D:5      | Noticed Edmund
  4332 | D:5      | Killed Edmund
  4333 | D:5      | Reached skill level 5 in Polearms
  4455 | D:5      | Found a staircase to the Ecumenical Temple.
  4489 | D:5      | Reached skill level 1 in Armour
  4506 | Temple   | Entered the Ecumenical Temple
  4541 | D:5      | Noticed Eustachio
  4591 | D:5      | Noticed Grinder
  4593 | D:5      | Paralysed by Grinder for 2 turns
  4596 | D:5      | Killed Grinder
  4774 | D:5      | Reached skill level 5 in Armour
  4879 | D:5      | Killed Eustachio
  4880 | D:5      | Reached XP level 9. HP: 45/45 MP: 15/15
  4910 | D:5      | Reached skill level 1 in Fighting
  5474 | D:6      | Found a broken altar of Ashenzari.
  5983 | D:6      | Found a radiant altar of Vehumet.
  5987 | D:6      | Got Vehumet's Almanac of Kinetic Energy
  5989 | D:6      | Found an ancient bone altar of Kikubaaqudgha.
  5993 | D:6      | Became a worshipper of Vehumet
  5997 | D:6      | Found a shimmering blue altar of Sif Muna.
  6235 | D:6      | Found an ornate altar of the Wu Jian Council.
  6383 | D:6      | Found a shimmering altar of Xom.
  6494 | D:6      | Found a basalt altar of Yredelemnul.
  6818 | D:7      | Noticed Pikel
  6841 | D:7      | Killed Pikel
  6842 | D:7      | Reached skill level 8 in Earth Magic
  6842 | D:7      | Reached XP level 10. HP: 40/56 MP: 11/16
  6923 | D:7      | Found an iron altar of Okawaru.
  7040 | D:7      | Reached * piety under Vehumet
  7040 | D:7      | Offered knowledge of Foxfire by Vehumet.
  7201 | D:7      | Reached skill level 9 in Earth Magic
  7856 | D:8      | Found a white marble altar of Elyvilon.
  8006 | D:8      | Noticed a gargoyle
  8008 | D:8      | Killed a gargoyle
  8009 | D:8      | Reached skill level 10 in Earth Magic
  8592 | D:8      | Found a shadowy altar of Dithmenos.
  8592 | D:8      | Found a burning altar of Makhleb.
  8592 | D:8      | Found a sacrificial altar of Ru.
  8952 | D:9      | Found a staircase to the Lair.
  8964 | D:9      | Noticed a brown ugly thing
  8979 | D:9      | Killed a brown ugly thing
  8980 | D:9      | Reached skill level 11 in Earth Magic
  9272 | D:9      | Found a hide-covered altar of Uskayaw.
  9287 | D:9      | Noticed a two-headed ogre
  9293 | D:9      | Killed a two-headed ogre
  9294 | D:9      | Reached skill level 12 in Earth Magic
  9386 | D:9      | Reached XP level 11. HP: 61/61 MP: 13/17
  9664 | D:10     | Entered Level 10 of the Dungeon
  9988 | D:10     | Found a staircase to the Orcish Mines.
 10002 | D:10     | Reached skill level 13 in Earth Magic
 10076 | D:10     | Offered knowledge of Static Discharge by Vehumet.
 10246 | D:10     | Reached skill level 14 in Earth Magic
 10510 | D:11     | Noticed Lodul
 10521 | D:11     | Reached ** piety under Vehumet
 10525 | D:11     | Reached skill level 5 in Spellcasting
 11067 | D:11     | Noticed a boulder beetle
 11082 | D:11     | HP: 3/61 [boulder beetle (20)]
 11105 | D:11     | Killed a boulder beetle
 11257 | D:11     | Noticed a sea snake
 11292 | D:11     | Found a runed translucent gate.
 11292 | D:11     | Found a runed translucent gate.
 11292 | D:11     | Found a runed translucent gate.
 11292 | D:11     | Noticed bmj180's ghost (journeyman GrEE)
 11292 | D:11     | Noticed a 12-headed hydra
 11292 | D:11     | Noticed a nine-headed hydra
 11553 | D:11     | Found a shimmering blue altar of Sif Muna.
 11563 | D:11     | Offered knowledge of Dazzling Flash by Vehumet.
 11628 | D:11     | Killed Lodul
 11641 | D:11     | Noticed a manticore
 11646 | D:11     | Killed a manticore
 11647 | D:11     | Reached skill level 5 in Dodging
 11768 | D:11     | Noticed a two-headed ogre
 11772 | D:11     | Killed a two-headed ogre
 11773 | D:11     | Reached XP level 12. HP: 66/66 MP: 16/21
 12248 | Lair:1   | Entered Level 1 of the Lair of Beasts
 12552 | Lair:1   | Reached skill level 5 in Conjurations
 12559 | Lair:1   | Reached *** piety under Vehumet
 12562 | Lair:1   | Mangled by a yak

Illustrated notes

Levels and vault maps discovered:
D:1:      amcnicky_arrival_choice, layout_loops_corners,
          shapermc_ecumenical_altar_flowoftime, minmay_fountain_box,
          minmay_misc_feat_roman, st_stairs_7
D:2:      layout_loops_ring
D:3:      layout_loops_cross, serial_glass, glass_columns_a, glass_columns_b,
          feat_on_display, due_unseen_surprise, uniq_natasha
D:4:      layout_gridville, nicolae_ossuary_entry_monument,
          minmay_misc_feat_secret_circle, dk_noncrumbling_3, uniq_sigmund
D:5:      nicolae_cairo_tiling_large, layout_basic,
          minmay_temple_entry_steel_oval, uniq_eustachio, uniq_grinder,
          uniq_edmund
D:6:      wander_river, layout_loops_ring, grunt_temple_overflow_magic_moments,
          lemuel_mausoleum_altar_yredelemnul, mainiacjoe_overflow_24_doors,
          nicolae_wu_jian_immortal_techniques, mainiacjoe_overflow_alcove_2
D:7:      layout_basic, okawaru_humans, uniq_pikel
D:8:      hellmonk_crumbling_castle, layout_loops_corners,
          gammafunk_temple_overflow_claw, nicolae_elyvilon_peaceful_grove,
          chequers_serial_rivers_marsh
D:9:      layout_loops_ring, mainiacjoe_overflow_tiny_flanked, dpeg_oklobed_lair
D:10:     layout_basic, minmay_orc_entry_guard_dogs
D:11:     layout_loops_ring, serial_aquarium, aquarium_bridge_long_joined
          [aquarium_subvault_bridge, aquarium_subvault_wall,
          aquarium_subvault_balcony, aquarium_subvault_bridge,
          aquarium_subvault_wall, aquarium_subvault_window], aquarium_window_1,
          aquarium_window_corner, aquarium_view_2a, aquarium_balcony_1b,
          gammafunk_ghost_hydra_chop, roderic_nine_men_s_morris,
          kennysheep_orc_sif_temple, uniq_lodul
D:12:     evilmike_horseshoe, layout_loops_ring, serial_nicolae_subway,
          nicolae_sub_station_crystal, nicolae_sub_station_stone,
          nicolae_sub_station_metal, uniq_nergalle
Temple:   hellmonk_temple_rainy
Lair:1:   layout_big_grid

Skill      XL: |  1  2  3  4  5  6  7  8  9 10 11 12 |
---------------+-------------------------------------+-----
Maces & Flails | 2 |  2.1
Earth Magic    | 4 5 6 8 12 14 | 14.0
Conjurations   | 1 2 3 5 |  5.3
Spellcasting   | 3 4 6 |  6.1
Polearms       | 4 5 8 |  8.2
Armour         | 6 |  6.1
Fighting       | 4 |  4.1
Dodging        | 5 6 |  6.1
Stealth        | |  2.1
Transmutations | |  0.7

Action                     |  1- 3 |  4- 6 |  7- 9 | 10-12 || total
---------------------------+-------+-------+-------+-------++-------
  Melee: Unarmed           |    16 |       |       |       ||    16
         Whip              |    81 |    25 |       |       ||   106
         Punch             |     1 |       |     1 |     1 ||     3
         Trident           |       |       |   224 |    72 ||   296
   Cast: Sandblast         |    33 |    43 |    57 |   181 ||   314
         Stone Arrow       |       |     1 |     7 |    34 ||    42
  Evoke: Wand              |       |       |       |     9 ||     9
    Use: Potion            |       |       |     1 |     2 ||     3
   Stab: Sleeping          |     6 |       |     8 |     2 ||    16
         Distracted        |       |       |     2 |       ||     2
 Armour: Robe              |    53 |    25 |    10 |       ||    88
         Leather armour    |       |       |    58 |    89 ||   147
  Dodge: Dodged            |    72 |    27 |   128 |   106 ||   333
  Block: Other             |       |       |    35 |    52 ||    87
         Reflection        |       |       |       |     3 ||     3

Table legend: (Time is in decaauts)
 A = Elapsed time spent in this place.
 B = Non-inter-level travel time spent in this place.
 C = Inter-level travel time spent in this place.
 D = Time resting spent in this place.
 E = Time spent auto-exploring this place.
 F = Levels seen in this place.
 G = Mean time per level.
                   A        B        C        D        E       F      G
               +--------+--------+--------+--------+--------+-----+--------+
         Total |  12751 |  12083 |    668 |    337 |   9846 |  14 |  910.8 |
       Dungeon |  12689 |  12037 |    652 |    337 |   9844 |  12 | 1057.4 |
        Temple |     25 |     12 |     13 |      0 |      2 |   1 |   25.0 |
          Lair |     36 |     34 |      2 |      0 |      0 |   1 |   36.0 |
               +--------+--------+--------+--------+--------+-----+--------+

Top non-repeatable levels by time:
    D:11: 1537 daAuts
     D:6: 1440 daAuts
     D:1: 1282 daAuts
     D:9: 1162 daAuts
     D:8: 1083 daAuts
     D:7: 1059 daAuts
     D:4: 1038 daAuts
     D:2: 1034 daAuts
     D:5: 1003 daAuts
    D:10: 999 daAuts
     D:3: 953 daAuts
    D:12: 93 daAuts
  Lair:1: 36 daAuts
  Temple: 25 daAuts
